 Dungeon Sprint DCSS version 0.15-a0-1253-g15b4f57 (webtiles) character file.

336 MDvedh the Basher (level 6, 0/61 HPs)
             Began as a Minotaur Berserker on June 4, 2014.
             Was a Priest of Trog.
             Slain by Sonja
             ... wielding a +0,+0 short sword of distortion
              (3 damage)
             ... in the Dungeon (Sprint I: "Red Sonja").
             The game lasted 00:01:34 (473 turns).

MDvedh the Basher (Minotaur Berserker)               Turns: 473, Time: 00:01:35

HP   0/61        AC  2     Str 24      XL: 6   Next: 28%
MP   3/3         EV 12     Int  4      God: Trog [***...]
Gold 14          SH  0     Dex  9      Spells:  0 memorised,  5 levels left

rFire  . . .     SeeInvis .     a - +0 mace
rCold  . . .     Clarity  .     b - +0 animal skin
rNeg   . . .     rCorr    .     (no shield)
rPois  .         rRot     .     (helmet restricted)
rElec  .         Spirit   .     (no cloak)
SustAb .         Warding  .     (no gloves)
rMut   .         NoTele   +     (no boots)
Gourm  .                        (no amulet)
MR     .....                    (no ring)
                                (no ring)

@: short of breath, very slightly contaminated, hasted and slowed, not resistant
to hostile enchantments, very unstealthy
A: retaliatory headbutt, horns 2
a: Burn Spellbooks, Berserk, Trog's Hand, Renounce Religion


You were in the Dungeon.
You worshipped Trog.
Trog was most pleased with you.
You were not hungry.

You visited 1 branch You collected 203 gold pieces.
You spent 189 gold pieces at shops.

Inventory:

Hand weapons
 a - a +0,+0 mace (weapon)
Armour
 b - a +0 animal skin (worn)
Scrolls
 i - a scroll of blinking
 j - 3 scrolls of fear {unknown}
Potions
 c - a potion of agility
 d - 2 potions of curing
 e - a potion of heal wounds
 f - a potion of haste
 g - 2 potions of magic
 h - a potion of berserk rage


   Skills:
 + Level 7.6 Fighting
 + Level 14.2 Maces & Flails
 - Level 2.4 Armour
 - Level 2.1 Dodging


You had 5 spell levels left.
You didn't know any spells.

Dungeon Overview and Level Annotations

Branches:
Dungeon (1/1)

Altars:
Elyvilon
Gozag
Kikubaaqudgha
Makhleb
Nemelex Xobeh
Okawaru
Qazlal
Sif Muna
Trog
Vehumet
Xom
Yredelemnul
Zin
The Shining One

Shops:
D !

Annotations:
D Sonja


Innate Abilities, Weirdness & Mutations

You reflexively headbutt those who attack you in melee.
You have a pair of horns on your head.


Message History

You feel very sick.
Sonja unwields an uncursed blowgun.
Sonja wields an uncursed short sword of distortion.
Its appearance distorts for a moment.
Sonja closely misses you. Sonja misses you.
Sonja hits you with an uncursed short sword of distortion.
Space bends around you.
Drink which item? (? for menu, Esc to quit)
You feel better.
Sonja hits you with an uncursed short sword of distortion!
Sonja closely misses you. x2
Sonja hits you with an uncursed short sword of distortion.
Space warps horribly around you!
* * * LOW HITPOINT WARNING * * *
Sonja hits you with an uncursed short sword of distortion.
* * * LOW HITPOINT WARNING * * *
Sonja hits you with an uncursed short sword of distortion.
* * * LOW HITPOINT WARNING * * *
Space bends around you.
You die...

#..'..#..').#..+
#..#####'#####'#
#..####..#...#.#
#..#__####..##.#
#..#_..._##'#..+
#⌠⌠#_.∩...'..._#
####_..._##_.#+#
#_____###(#
####### #@#


+$K$+ #$.$# ##.## #+# You could see Sonja.

Vanquished Creatures
  A yak (D)
  An ogre (D)
  Sigmund (D)
  A jelly (D)
  Ijyb (D)
5 creatures vanquished.

Notes
Turn   | Place    | Note
--------------------------------------------------------------
     0 | D        | MDvedh, the Minotaur Berserker, began the quest for the Orb.
     0 | D        | Reached XP level 1. HP: 19/19 MP: 1/1
     1 | D        | Noticed Ijyb
    11 | D        | Killed Ijyb
    11 | D        | Reached skill level 7 in Maces & Flails
    11 | D        | Reached XP level 2. HP: 15/26 MP: 1/1
   148 | D        | Noticed an ogre
   151 | D        | Killed an ogre
   151 | D        | Acquired Trog's second power
   151 | D        | Reached skill level 11 in Maces & Flails
   151 | D        | Reached XP level 3. HP: 31/31 MP: 2/2
   151 | D        | Reached XP level 4. HP: 39/39 MP: 2/2
   195 | D        | Noticed Sigmund
   199 | D        | Killed Sigmund
   199 | D        | Reached skill level 12 in Maces & Flails
   199 | D        | Reached XP level 5. HP: 45/45 MP: 2/2
   246 | D        | Found a deep blue altar of Sif Muna.
   247 | D        | Noticed a jelly
   248 | D        | Found a radiant altar of Vehumet.
   251 | D        | Killed a jelly
   251 | D        | Reached skill level 13 in Maces & Flails
   272 | D        | Found Mnuaz's Distillery.
   272 | D        | Found a white marble altar of Elyvilon.
   272 | D        | Found a stormy altar of Qazlal.
   272 | D        | Found a basalt altar of Yredelemnul.
   272 | D        | Found an iron altar of Okawaru.
   272 | D        | Found a sparkling altar of Nemelex Xobeh.
   272 | D        | Found a shimmering altar of Xom.
   272 | D        | Found an ancient bone altar of Kikubaaqudgha.
   272 | D        | Noticed a yak
   282 | D        | Killed a yak
   282 | D        | Reached skill level 14 in Maces & Flails
   282 | D        | Reached XP level 6. HP: 26/61 MP: 3/3
   458 | D        | Found a burning altar of Makhleb.
   458 | D        | Found a glowing golden altar of the Shining One.
   458 | D        | Found an opulent altar of Gozag.
   458 | D        | Found a glowing silver altar of Zin.
   459 | D        | Found a bloodstained altar of Trog.
   463 | D        | Bought a potion of haste for 98 gold pieces
   463 | D        | Bought a potion of curing for 28 gold pieces
   463 | D        | Bought a potion of curing for 28 gold pieces
   463 | D        | Bought a potion of agility for 35 gold pieces
   469 | D        | Noticed Sonja
   473 | D        | HP: 3/61 [Sonja/uncursed short sword of distortion (6)]
   473 | D        | Slain by Sonja

Action                   |  1- 3 |  4- 6 || total
-------------------------+-------+-------++-------
Melee: Mace              |    11 |    14 ||    25
Invok: Berserk           |     1 |     1 ||     2
  Use: Potion            |       |     2 ||     2
